[Event "Titled Tuesday Blitz October 11 Early 2022"]
[White "Aaditya Dhingra"]
[Black "Bacrot, Etienne"]
[WhiteFideId "25678191"]
[BlackFideId "605506"]
[WhiteElo "2054"]
[BlackElo "2666"]
[Result "0-1"]
[Round "01"]
[TimeControl "180+1"]
[Date "2022.10.11"]
[WhiteClock "0:00:13"]
[BlackClock "0:00:16"]

1. Nf3 d5 2. g3 Nf6 3. Bg2 g6 4. b3 Bg7 5. Bb2 c5 6. O-O Nc6 7. d3 O-O 8. Nbd2 d4 9. e4 dxe3 10. fxe3 Nd5 11. Bxg7 Kxg7 12. Qe1 e5 13. e4 Ndb4 14. Qd1 Nd4 15. Ne1 Nb5 16. Ndf3 f6 17. a4 Nc7 18. Qe2 b6 19. c3 Nc6 20. Nc2 Ba6 21. Rad1 Na5 22. b4 cxb4 23. cxb4 Nb3 24. Qe3 Ne6 25. b5 Bb7 26. d4 Nbxd4 27. Ncxd4 exd4 28. Nxd4 Nxd4 29. Rxd4 Qe7 30. Rfd1 Rad8 31. e5 Rxd4 32. exf6+ Qxf6 33. Qxd4 Qxd4+ 34. Rxd4 Bc8 35. Rc4 Be6 36. Rd4 Kf6 37. Bc6 Ke5 38. Re4+ Kd6 39. Kg2 a5 40. Rd4+ Kc5 41. Rh4 Rf7 42. h3 Bb3 43. Re4 Rf6 44. g4 Rxc6 45. bxc6 Bd5 46. Kf3 Bxe4+ 47. Kxe4 Kxc6 48. Kd4 b5 49. axb5+ Kxb5 50. Kc3 Kc5 51. h4 Kd5 52. h5 Ke5 53. Kb3 Kf4 54. hxg6 hxg6 55. Ka4 Kxg4 56. Kxa5 Kf4 0-1


[Site "https://www.chess.com"]

[Event "Titled Tuesday Blitz October 11 Early 2022"]
[White "Aarav Dengla"]
[Black "Shkuran, Danylo"]
[WhiteFideId "45059756"]
[BlackFideId "14106248"]
[WhiteElo "2257"]
[BlackElo "2427"]
[Result "1-0"]
[Round "01"]
[TimeControl "180+1"]
[Date "2022.10.12"]
[WhiteClock "0:00:20"]
[BlackClock "0:00:03"]

1. e4 e6 2. d4 d5 3. exd5 exd5 4. Nf3 Nf6 5. Bd3 Bd6 6. Qe2+ Qe7 7. Qxe7+ Bxe7 8. Bf4 c6 9. Nbd2 Bg4 10. h3 Bh5 11. O-O O-O 12. Rfe1 Re8 13. Re2 Nbd7 14. Rae1 Bf8 15. Rxe8 Rxe8 16. Rxe8 Nxe8 17. Ne5 Nxe5 18. Bxe5 f6 19. Bb8 a6 20. Nb3 Bd6 21. Bxd6 Nxd6 22. a4 h6 23. a5 Kf7 24. Nc5 Ke7 25. Kf1 Be8 26. f3 Bd7 27. Kf2 Bc8 28. g4 Kf7 29. f4 g6 30. Kf3 h5 31. Kg3 hxg4 32. hxg4 g5 33. f5 Ke7 34. Kf3 Kd8 35. Ke3 Kc7 36. b3 Nf7 37. Be2 Nd6 38. c4 dxc4 39. bxc4 Bd7 40. d5 cxd5 41. cxd5 Bb5 42. Bxb5 Nxb5 43. Ne4 b6 44. axb6+ Kxb6 45. Nxf6 a5 46. Ne8 a4 47. f6 a3 48. f7 a2 49. f8=Q a1=Q 50. Qf6+ Qxf6 51. Nxf6 Kc5 52. Ke4 Nc3+ 53. Kf5 Nb5 54. Kxg5 Kd6 55. Kh6 Ke5 56. g5 Nd6 57. Kh5 Kf5 58. Nh7 Ne4 59. g6 Nd6 60. g7 Nf7 61. g8=Q Ne5 62. Qg5+ Ke4 63. Nf6+ Kd4 64. Qf4+ 1-0


[Site "https://www.chess.com"]

[Event "Titled Tuesday Blitz October 11 Early 2022"]
[White "Abdisalimov, Abdimalik"]
[Black "Hajiyev, Kanan"]
[WhiteFideId "14206323"]
[BlackFideId "13404148"]
[WhiteElo "2401"]
[BlackElo "2118"]
[Result "1-0"]
[Round "01"]
[TimeControl "180+1"]
[Date "2022.10.12"]
[WhiteClock "0:01:01"]
[BlackClock "0:00:29"]

1. d4 d5 2. c4 c6 3. cxd5 cxd5 4. Bf4 Nf6 5. e3 Nc6 6. Bd3 g6 7. Nc3 Bg7 8. h3 O-O 9. Nf3 Nd7 10. Bh2 e5 11. Be2 exd4 12. exd4 Qb6 13. Nxd5 Qxb2 14. O-O a6 15. Bc4 Nxd4 16. Rb1 Nxf3+ 17. Qxf3 Qd4 18. Bb3 Ne5 19. Qe2 Qd3 20. Qe1 Qf5 21. Ne7+ 1-0


[Site "https://www.chess.com"]

[Event "Titled Tuesday Blitz October 11 Early 2022"]
[White "Aggelis, Nikolaos"]
[Black "Hartikainen, Jarmo"]
[WhiteFideId "4213220"]
[BlackFideId "503134"]
[WhiteElo "2187"]
[BlackElo "2122"]
[Result "1-0"]
[Round "01"]
[TimeControl "180+1"]
[Date "2022.10.12"]
[WhiteClock "0:00:22"]
[BlackClock "0:00:07"]

1. Nf3 Nf6 2. g3 g6 3. Bg2 Bg7 4. O-O O-O 5. d4 d5 6. c4 c5 7. dxc5 dxc4 8. Qa4 Nbd7 9. Qxc4 Qc7 10. Be3 b5 11. Qc1 Bb7 12. Nc3 a6 13. b4 Ne4 14. Bd4 e5 15. Be3 Nxc3 16. Qxc3 e4 17. Nd4 Qe5 18. Rad1 Rac8 19. Qb3 a5 20. a3 axb4 21. axb4 Bd5 22. Qb1 Bc4 23. Qxe4 Rfe8 24. Qxe5 Nxe5 25. Rfe1 Rc7 26. Bf4 Ra7 27. Bxe5 Bxe5 28. Nc6 Ra2 29. Nxe5 Rxe5 30. Bf1 Re7 31. Rd8+ Kg7 32. Rb8 Rb2 33. e3 Bxf1 34. Rxf1 Rxb4 35. Rc1 Rc7 36. c6 Rc4 37. Rb1 R4xc6 38. R8xb5 Rc2 39. R5b2 Rc1+ 40. Kg2 Rxb1 41. Rxb1 Rd7 42. g4 Rd2 43. Kg3 h6 44. h4 Rc2 45. Rb5 Ra2 46. h5 gxh5 47. Rxh5 Ra3 48. Rb5 Rc3 49. Kf4 Rc2 50. f3 Rc6 51. e4 Rf6+ 52. Kg3 Ra6 53. Rb7 Ra3 54. Rb8 Rc3 55. Re8 Ra3 56. Kf4 Ra4 57. Kf5 Ra5+ 58. e5 Ra6 59. f4 Ra4 60. Re7 Ra6 61. e6 Ra5+ 62. Ke4 Ra4+ 63. Ke5 Ra3 64. Rxf7+ 1-0


[Site "https://www.chess.com"]

[Event "Titled Tuesday Blitz October 11 Early 2022"]
[White "Aldokhin, Ivan"]
[Black "Shapiro, Daniel"]
[WhiteFideId "24115720"]
[BlackFideId "2001780"]
[WhiteElo "2313"]
[BlackElo "2216"]
[Result "1-0"]
[Round "01"]
[TimeControl "180+1"]
[Date "2022.10.12"]
[WhiteClock "0:01:33"]
[BlackClock "0:01:45"]

1. e4 c5 2. Nf3 e6 3. d4 cxd4 4. Nxd4 a6 5. Nc3 Qc7 6. Bd3 Bd6 7. Qe2 Bf4 8. Bxf4 Qxf4 9. g3 Qc7 10. f4 d6 11. O-O-O b5 12. a3 Bb7 13. f5 e5 14. Nd5 Qd8 15. Ne6 fxe6 16. Qh5+ Kf8 17. fxe6 Bxd5 18. Qf7# 1-0


[Site "https://www.chess.com"]

[Event "Titled Tuesday Blitz October 11 Early 2022"]
[White "Ambartsumova, Karina"]
[Black "Sailer, Mike"]
[WhiteFideId "4166299"]
[BlackFideId "2012901"]
[WhiteElo "2299"]
[BlackElo "2109"]
[Result "1-0"]
[Round "01"]
[TimeControl "180+1"]
[Date "2022.10.12"]
[WhiteClock "0:00:06"]
[BlackClock "0:00:08"]

1. d4 d5 2. c4 Bf5 3. Nf3 e6 4. Qb3 Nc6 5. Qxb7 Nb4 6. Bf4 Nc2+ 7. Kd1 Nxa1 8. Bxc7 Qc8 9. Qc6+ Ke7 10. Qd6+ Ke8 11. Qc6+ Ke7 12. cxd5 Bxb1 13. Qd6+ Ke8 14. Qc6+ Ke7 15. e4 Bc2+ 16. Ke1 Kf6 17. e5+ Kg6 18. h4 Bb4+ 19. Ke2 h6 20. d6 Kh7 21. d7 Qf8 22. Ke3 Ne7 23. Qc4 Nf5+ 24. Kf4 g5+ 25. hxg5 Kg6 26. gxh6 Rxh6 27. g4 Rxh1 28. gxf5+ exf5 29. e6 Qh6+ 30. Ke5 Qh2+ 31. Nxh2 Rxh2 32. exf7 Rf8 33. Qe6+ Kg7 34. Qf6+ Kh7 35. d8=Q Rxf7 36. Qxf7+ Kh6 37. Qh8+ Kg5 38. Qff6+ Kg4 39. Qxh2 Kf3 40. Qg3# 1-0


[Site "https://www.chess.com"]

[Event "Titled Tuesday Blitz October 11 Early 2022"]
[White "Andreikin, Dmitry"]
[Black "Yurovskykh, Oleksandr"]
[WhiteFideId "4158814"]
[BlackFideId "14134020"]
[WhiteElo "2736"]
[BlackElo "2303"]
[Result "1-0"]
[Round "01"]
[TimeControl "180+1"]
[Date "2022.10.11"]
[WhiteClock "0:00:43"]
[BlackClock "0:00:04"]

1. Nf3 d5 2. e3 Nf6 3. c4 e6 4. Nc3 Be7 5. b3 O-O 6. Bb2 c5 7. cxd5 Nxd5 8. h4 Nc6 9. Qb1 h6 10. g4 b6 11. g5 h5 12. Bd3 Bb7 13. Bh7+ Kh8 14. Be4 Kg8 15. Ne2 Bd6 16. Rg1 Qe7 17. a3 Rfd8 18. g6 f6 19. Qc2 Rac8 20. Rd1 Ne5 21. Nxe5 Bxe5 22. Bxe5 fxe5 23. Rg5 Nf6 24. Ng3 Ba6 25. Nxh5 Nxh5 26. Rxh5 Qf6 27. Qc3 Rd4 28. exd4 exd4 29. Qg3 Rf8 30. f3 d3 31. Qe5 Qe7 32. Rh8+ Kxh8 33. Qh5+ Kg8 34. Qh7# 1-0


[Site "https://www.chess.com"]

[Event "Titled Tuesday Blitz October 11 Early 2022"]
[White "Arabidze, Meri"]
[Black "Jean Louis, Marckens"]
[WhiteFideId "13604040"]
[BlackFideId "11900270"]
[WhiteElo "2403"]
[BlackElo "2030"]
[Result "1-0"]
[Round "01"]
[TimeControl "180+1"]
[Date "2022.10.12"]
[WhiteClock "0:00:04"]
[BlackClock "0:00:11"]

1. Nf3 d5 2. g3 Nf6 3. Bg2 e6 4. O-O Be7 5. b3 O-O 6. Bb2 c5 7. c4 Nc6 8. cxd5 exd5 9. d4 b6 10. Nc3 Bb7 11. Rc1 Rc8 12. e3 cxd4 13. Nxd4 Nxd4 14. Qxd4 Bc5 15. Qh4 Ne4 16. Qxd8 Rfxd8 17. Nb5 Ba6 18. a4 Nd2 19. Rfd1 Nxb3 20. Rb1 Bxb5 21. axb5 d4 22. Rd3 dxe3 23. Rxb3 exf2+ 24. Kf1 Rd2 25. Bc3 Rc2 26. Be4 Ra2 27. Rd1 g6 28. Bf6 Re8 29. Bc6 Re6 30. Bb2 Rd6 31. Rxd6 Bxd6 32. Bd5 Bc5 33. Bc4 Kf8 34. g4 h5 35. g5 Ke7 36. Be2 Kd6 37. Kg2 Kd5 38. Bf1 Ke4 39. Bf6 Kf5 40. Rf3+ Ke6 41. Rd3 Ra4 42. h3 h4 43. Rd8 Rb4 44. Re8+ Kd5 45. Ra8 Rb3 46. Rd8+ Ke4 47. Re8+ Kf5 48. Re5+ Kf4 49. Rxc5 Rg3+ 50. Kxf2 bxc5 51. Be7 Rb3 52. Bxc5 Rb2+ 53. Kg1 Kg3 54. Bd6+ Kf3 55. Be5 Rb4 56. Bf6 Rb2 57. Bxb2 Ke4 58. Bf6 Kd5 59. Bd8 a5 60. Bxa5 Kc5 61. b6 Kc6 62. Bg2+ Kd7 63. b7 Ke6 64. b8=Q Kf5 65. Qe8 Kxg5 66. Qxf7 Kh6 67. Bd2+ Kh5 68. Qh7# 1-0


[Site "https://www.chess.com"]

[Event "Titled Tuesday Blitz October 11 Early 2022"]
[White "Araujo Sanchez, Josue"]
[Black "Ibarra Jerez, Jose Carlos"]
[WhiteFideId "6416896"]
[BlackFideId "2226332"]
[WhiteElo "2370"]
[BlackElo "2627"]
[Result "0-1"]
[Round "01"]
[TimeControl "180+1"]
[Date "2022.10.11"]
[WhiteClock "0:00:02"]
[BlackClock "0:00:06"]

1. e4 c5 2. Nf3 e6 3. c3 Nf6 4. d3 d5 5. Nbd2 Nc6 6. g3 g6 7. Bg2 Bg7 8. O-O O-O 9. Re1 a5 10. a4 b6 11. exd5 exd5 12. Nf1 h6 13. h3 Be6 14. Bf4 g5 15. Be3 Qd7 16. Kh2 d4 17. cxd4 cxd4 18. Bd2 Nd5 19. Rc1 Rac8 20. h4 f6 21. Kg1 Rfe8 22. Re2 Bf7 23. Rxe8+ Rxe8 24. Be1 Ndb4 25. Bxb4 Nxb4 26. hxg5 hxg5 27. Ne1 Rxe1 28. Qxe1 Nxd3 29. Qd2 Nxc1 30. Qxc1 Qxa4 31. Qc8+ Qe8 32. Qc7 Qe6 33. Qd8+ Bf8 34. Qxd4 Bc5 35. Qd2 a4 36. Nh2 Kg7 37. Bf3 Qe5 38. Ng4 Qd4 39. Qc2 Bb3 40. Qe2 Bc4 41. Qe8 Qxb2 42. Qxa4 Be6 43. Qa7+ Kg6 44. Be4+ f5 45. Qb8 fxe4 46. Qe8+ Bf7 47. Ne5+ Kh6 48. Nxf7+ Kh7 49. Ne5 Qxf2+ 0-1


[Site "https://www.chess.com"]

[Event "Titled Tuesday Blitz October 11 Early 2022"]
[White "Ardila, Oscar Humberto"]
[Black "Orlov, Georgi"]
[WhiteFideId "4404742"]
[BlackFideId "2011271"]
[WhiteElo "1898"]
[BlackElo "2577"]
[Result "0-1"]
[Round "01"]
[TimeControl "180+1"]
[Date "2022.10.12"]
[WhiteClock "0:00:15"]
[BlackClock "0:00:28"]

1. d4 Nf6 2. c4 Nc6 3. d5 Ne5 4. Qc2 e6 5. e4 exd5 6. cxd5 Bb4+ 7. Bd2 Qe7 8. Ne2 c6 9. dxc6 dxc6 10. a3 Bxd2+ 11. Nxd2 O-O 12. Ng3 h5 13. O-O-O h4 14. Nf5 Bxf5 15. exf5 Neg4 16. Nf3 Nd5 17. Bc4 Nf4 18. Rhe1 Qf6 19. h3 Nh6 20. Re4 Nd5 21. Rxh4 Nxf5 22. Rh5 g6 23. Rg5 Rad8 24. Rxf5 Qxf5 25. Qxf5 gxf5 26. Nh4 Ne7 27. Re1 Rd4 28. Rxe7 Rxc4+ 29. Kb1 Rxh4 30. Rxb7 Re4 31. Rxa7 Rb8 32. b4 Re2 33. Ra6 Rd8 34. Kc1 Rxf2 35. Rxc6 Re8 36. Kd1 Ree2 37. b5 Ra2 38. Ke1 Rxg2 39. Kf1 Rh2 40. Kg1 Rhb2 41. Rc1 Rxb5 0-1


[Site "https://www.chess.com"]

[Event "Titled Tuesday Blitz October 11 Early 2022"]
[White "Asavasaetakul, Chawit"]
[Black "Skibbe, Willi"]
[WhiteFideId "6204856"]
[BlackFideId "4682190"]
[WhiteElo "1919"]
[BlackElo "2318"]
[Result "1-0"]
[Round "01"]
[TimeControl "180+1"]
[Date "2022.10.12"]
[WhiteClock "0:02:49"]
[BlackClock "0:01:46"]

1. e4 e5 2. Nf3 Nc6 3. Nc3 Nf6 4. d4 exd4 5. Nxd4 Bb4 6. Nxc6 bxc6 7. Bd3 d5 8. exd5 cxd5 9. O-O O-O 10. Bg5 Be6 11. Na4 h6 12. Bh4 c5 13. c3 Ba5 14. Nxc5 Qb6 1-0


[Site "https://www.chess.com"]

[Event "Titled Tuesday Blitz October 11 Early 2022"]
[White "Azadaliyev, Jahandar"]
[Black "Pappelis, Dimitrios"]
[WhiteFideId "13425811"]
[BlackFideId "4215281"]
[WhiteElo "2204"]
[BlackElo "2104"]
[Result "1-0"]
[Round "01"]
[TimeControl "180+1"]
[Date "2022.10.12"]
[WhiteClock "0:00:45"]
[BlackClock "0:01:25"]

1. e4 c5 2. Nf3 Nc6 3. d4 cxd4 4. Nxd4 Nf6 5. Nc3 e6 6. Ndb5 d6 7. Bg5 a6 8. Na3 b5 9. Qf3 Bb7 10. Naxb5 axb5 11. Bxb5 Rb8 12. O-O-O Qb6 13. e5 dxe5 14. Bxf6 gxf6 15. Qxf6 Rg8 16. Qxe5 Qxb5 17. Qxb5 Be7 18. Qh5 Bg5+ 19. Kb1 Ke7 20. Rhe1 Nb4 21. Qxh7 Bxg2 22. Rd7+ Kxd7 23. Qxf7+ Kc8 24. Qxg8+ Kb7 25. Qxg5 1-0


[Site "https://www.chess.com"]

[Event "Titled Tuesday Blitz October 11 Early 2022"]
[White "Azarov, Sergei"]
[Black "Villamayor, Buenaventura"]
[WhiteFideId "13501470"]
[BlackFideId "5200393"]
[WhiteElo "2494"]
[BlackElo "2301"]
[Result "1-0"]
[Round "01"]
[TimeControl "180+1"]
[Date "2022.10.12"]
[WhiteClock "0:00:13"]
[BlackClock "0:00:02"]

1. e4 c5 2. Nf3 Nc6 3. d4 cxd4 4. Nxd4 Nf6 5. Nc3 e5 6. Ndb5 d6 7. Bg5 a6 8. Na3 b5 9. Bxf6 gxf6 10. Nd5 f5 11. c3 Bg7 12. Bd3 Be6 13. Nxb5 axb5 14. Bxb5 Bd7 15. exf5 Nb8 16. a4 O-O 17. f6 Bxf6 18. Nxf6+ Qxf6 19. Bxd7 Nxd7 20. Qg4+ Qg6 21. Qxd7 Qe4+ 22. Kf1 Rfd8 23. Qe7 Rdb8 24. Qg5+ Kh8 25. Qf6+ Kg8 26. Qg5+ Kh8 27. Qd2 Rxa4 28. Re1 Qg6 29. b4 Rba8 30. g3 Ra2 31. Qe3 Rc2 32. Kg2 Raa2 33. Rhf1 Ra3 34. Rc1 Raxc3 35. Qxc3 Rxc3 36. Rxc3 Qe4+ 37. Rf3 Qb7 38. Rb1 Kg7 39. b5 f5 40. b6 Kf6 41. Rb3 Ke6 42. Kg1 e4 43. Rfc3 Qd5 44. b7 Qd1+ 45. Kg2 f4 46. b8=Q f3+ 47. Kh3 Qf1+ 48. Kh4 1-0


[Site "https://www.chess.com"]

[Event "Titled Tuesday Blitz October 11 Early 2022"]
[White "Baruch, Liam"]
[Black "Shaik Sumer Arsh"]
[WhiteFideId "14322064"]
[BlackFideId "45020000"]
[WhiteElo "1984"]
[BlackElo "2190"]
[Result "0-1"]
[Round "01"]
[TimeControl "180+1"]
[Date "2022.10.12"]
[WhiteClock "0:02:26"]
[BlackClock "0:01:27"]

1. e4 c5 2. Nf3 e6 3. d4 cxd4 4. Nxd4 a6 5. Nc3 Bc5 6. Be2 Qc7 7. O-O b5 8. Be3 d6 9. Ndxb5 axb5 10. Nxb5 Qb6 11. Bxc5 Qxc5 12. Nxd6+ Ke7 13. b4 Qxd6 14. Qc1 Nf6 15. c4 Nc6 16. c5 Qe5 17. b5 Nd4 18. Bd3 Ng4 19. h3 Qh2# 0-1


[Site "https://www.chess.com"]

[Event "Titled Tuesday Blitz October 11 Early 2022"]
[White "Batbold, Nyamsuren"]
[Black "Siva Mahadevan"]
[WhiteFideId "4903331"]
[BlackFideId "25043153"]
[WhiteElo "2056"]
[BlackElo "2249"]
[Result "0-1"]
[Round "01"]
[TimeControl "180+1"]
[Date "2022.10.12"]
[WhiteClock "0:00:10"]
[BlackClock "0:00:28"]

1. Nf3 Nf6 2. b3 g6 3. Bb2 Bg7 4. h4 d6 5. c4 e5 6. Nc3 Nc6 7. d3 h6 8. g3 Be6 9. Bg2 O-O 10. Nd2 d5 11. cxd5 Nxd5 12. Nxd5 Bxd5 13. O-O Bxg2 14. Kxg2 Qd5+ 15. Kg1 f5 16. Qc2 Kh7 17. Qc4 Qd7 18. b4 a5 19. b5 Nd4 20. Bxd4 exd4 21. a4 Rae8 22. Rae1 Re7 23. e4 dxe3 24. Rxe3 Rxe3 25. fxe3 Qd6 26. Kg2 Rd8 27. d4 Re8 28. Rf3 h5 29. Nb3 b6 30. Nc1 Qa3 31. Nd3 Re7 32. Nf4 Qd6 33. Nh3 Bh6 34. Qb3 c5 35. dxc5 Qxc5 36. Nf4 Qd6 37. Qd5 Rd7 38. Qc6 Qxc6 39. bxc6 Rc7 40. e4 Rxc6 41. exf5 gxf5 42. Nxh5 Rc4 43. Rxf5 Kg6 44. Rb5 Rb4 45. Nf4+ Bxf4 46. h5+ Kh6 47. Rf5 Bg5 48. Rd5 Kxh5 49. Kh3 Rxa4 50. Rd6 Bh6 51. Rxb6 Kg5 52. Rb5+ Kg6 53. Rb6+ Kh7 54. Kg2 Ra3 55. Kf2 Be3+ 56. Ke2 Bxb6 0-1


[Site "https://www.chess.com"]

[Event "Titled Tuesday Blitz October 11 Early 2022"]
[White "Beerdsen, Thomas"]
[Black "Przybylski, Wojciech"]
[WhiteFideId "1030108"]
[BlackFideId "1117599"]
[WhiteElo "2567"]
[BlackElo "2221"]
[Result "1-0"]
[Round "01"]
[TimeControl "180+1"]
[Date "2022.10.12"]
[WhiteClock "0:02:28"]
[BlackClock "0:00:55"]

1. e4 e5 2. d4 exd4 3. Qxd4 Nc6 4. Qc4 Nf6 5. Nc3 d6 6. Nf3 Be6 7. Qa4 Qd7 8. Bg5 Be7 9. O-O-O Ne5 10. Bb5 Nc6 11. e5 Ng4 12. Bxe7 Kxe7 13. exd6+ cxd6 14. Nd4 Rac8 15. Bxc6 bxc6 16. Nxe6 Qxe6 17. Rhe1 Ne5 18. f4 f6 19. fxe5 fxe5 20. Qxa7+ Qd7 21. Rxe5+ Kd8 22. Qa5+ Rc7 23. Ne4 dxe5 24. Rxd7+ Kxd7 25. Qxe5 Re8 26. Qd4+ Kc8 27. Nd6+ 1-0


[Site "https://www.chess.com"]

[Event "Titled Tuesday Blitz October 11 Early 2022"]
[White "Bernadskiy, Vitaliy"]
[Black "Osinenko, Anton"]
[WhiteFideId "14100371"]
[BlackFideId "4158970"]
[WhiteElo "2473"]
[BlackElo "2294"]
[Result "0-1"]
[Round "01"]
[TimeControl "180+1"]
[Date "2022.10.12"]
[WhiteClock "0:00:03"]
[BlackClock "0:00:58"]

1. d4 Nf6 2. c4 e5 3. dxe5 Ng4 4. Nf3 Nc6 5. Nc3 Ngxe5 6. Nxe5 Nxe5 7. e3 a5 8. Be2 Ra6 9. Nd5 Rg6 10. O-O Bc5 11. f4 Nc6 12. f5 Rh6 13. f6 gxf6 14. Bd2 d6 15. Bc3 Ne5 16. Bxa5 f5 17. Nxc7+ Kd7 18. Rxf5 Bxe3+ 19. Kf1 Rxh2 20. Qa4+ Ke7 21. Nd5+ Kf8 22. Nxe3 Qh4 23. Bf3 Bxf5 24. Nxf5 Qf4 25. Qc2 Nxf3 0-1


[Site "https://www.chess.com"]

[Event "Titled Tuesday Blitz October 11 Early 2022"]
[White "Bethke, Richard"]
[Black "Wirig, Anthony"]
[WhiteFideId "12959243"]
[BlackFideId "615013"]
[WhiteElo "2369"]
[BlackElo "2474"]
[Result "1-0"]
[Round "01"]
[TimeControl "180+1"]
[Date "2022.10.11"]
[WhiteClock "0:00:05"]
[BlackClock "0:00:14"]

1. e4 c5 2. Nf3 e6 3. d4 cxd4 4. Nxd4 Nf6 5. Nc3 Nc6 6. Ndb5 Bc5 7. Nd6+ Ke7 8. Bf4 e5 9. Nf5+ Kf8 10. Bg5 d6 11. Bc4 Be6 12. Bd5 h6 13. Bh4 g6 14. Bxe6 fxe6 15. Nxd6 g5 16. Nxb7 Qxd1+ 17. Rxd1 Be7 18. Bg3 Rb8 19. Nd6 Rxb2 20. Rd2 Rb4 21. O-O Kg7 22. a3 Rd4 23. Rxd4 exd4 24. Ne2 Nh5 25. Nxd4 Nxg3 26. fxg3 Bxd6 27. Nxc6 Rc8 28. Nb4 a5 29. Nd3 Rxc2 30. a4 Rd2 31. e5 Bc7 32. Nf2 Bb6 33. g4 Bd4 34. g3 Ra2 35. Kg2 Rxa4 36. Rd1 Ra2 37. Rxd4 a4 38. Rd7+ Kf8 39. Ra7 Ke8 40. h4 Kd8 41. h5 Kc8 42. Kf3 Kb8 43. Ra5 Kb7 44. Ne4 Kb6 45. Ra8 Kb7 46. Rxa4 Rh2 47. Rd4 Kc6 48. Rd6+ Kb5 49. Rxe6 Kc4 50. Rxh6 Kd4 51. Nxg5 Ra2 52. Ne6+ Kxe5 53. Nf4 Ra3+ 54. Kg2 Ke4 55. Re6+ Kd4 56. h6 Ra2+ 57. Kh3 Ra7 58. Rg6 Ke4 59. Rg7 Kf3 60. Rxa7 Kf2 61. h7 1-0


[Site "https://www.chess.com"]

[Event "Titled Tuesday Blitz October 11 Early 2022"]
[White "Bilan, Danila"]
[Black "Vaibhav Jayant Raut"]
[WhiteFideId "24161918"]
[BlackFideId "5089034"]
[WhiteElo "2203"]
[BlackElo "2147"]
[Result "0-1"]
[Round "01"]
[TimeControl "180+1"]
[Date "2022.10.12"]
[WhiteClock "0:00:09"]
[BlackClock "0:00:10"]

1. d4 Nf6 2. Nf3 e6 3. g3 b6 4. Bg2 Bb7 5. O-O Be7 6. c4 O-O 7. d5 exd5 8. Nh4 Re8 9. cxd5 Bf8 10. Nc3 d6 11. Nf5 Bc8 12. Nd4 Bd7 13. e4 g6 14. Re1 Bg7 15. h3 Na6 16. Bg5 h6 17. Be3 Nc5 18. Qc2 a5 19. Rad1 Qc8 20. Kh2 h5 21. Bg5 Nh7 22. Be3 h4 23. Qd2 Nf6 24. Bh6 Re5 25. Bxg7 Kxg7 26. f4 hxg3+ 27. Kxg3 Rh5 28. e5 dxe5 29. fxe5 Bxh3 30. exf6+ Kg8 31. Nf3 Qg4+ 32. Kf2 Bxg2 33. Re3 Bxf3 34. Rxf3 Rh2+ 35. Ke3 Rxd2 0-1


[Site "https://www.chess.com"]

[Event "Titled Tuesday Blitz October 11 Early 2022"]
[White "Biriukov, Ilja"]
[Black "Dehtiarov, Roman"]
[WhiteFideId "4113373"]
[BlackFideId "14186640"]
[WhiteElo "2426"]
[BlackElo "2200"]
[Result "0-1"]
[Round "01"]
[TimeControl "180+1"]
[Date "2022.10.12"]
[WhiteClock "0:01:23"]
[BlackClock "0:01:17"]

1. d4 Nf6 2. Nc3 d5 3. Bf4 e6 4. Qd2 Bd6 5. O-O-O O-O 6. f3 c5 7. e3 Bxf4 8. exf4 cxd4 9. Qxd4 Nc6 10. Qe3 d4 11. Qf2 Qa5 12. Rxd4 Nxd4 13. Qxd4 Rd8 14. Qe5 Qb6 15. g4 Nd5 16. Ne4 f6 17. Qh5 Nxf4 18. Qc5 Qxc5 19. Nxc5 b6 20. Nb3 Bb7 21. h4 Rd6 22. c3 Rad8 23. Be2 Nxe2+ 24. Nxe2 Bxf3 25. Re1 Bxg4 26. Nf4 e5 27. Ng2 Rd1+ 28. Rxd1 Rxd1+ 29. Kc2 Rg1 30. Ne3 Bf3 31. Nd2 Bc6 32. Nf5 Kf7 33. Nd6+ Ke6 34. N6c4 f5 35. Nxe5 Kxe5 36. Nf3+ Bxf3 0-1


[Site "https://www.chess.com"]

[Event "Titled Tuesday Blitz October 11 Early 2022"]
[White "Blokhin, Sofia"]
[Black "Rosen, Eric"]
[WhiteFideId "4508190"]
[BlackFideId "2032562"]
[WhiteElo "2005"]
[BlackElo "2362"]
[Result "0-1"]
[Round "01"]
[TimeControl "180+1"]
[Date "2022.10.12"]
[WhiteClock "0:00:02"]
[BlackClock "0:00:36"]

1. d4 d5 2. c4 e6 3. Nc3 Nf6 4. e3 a6 5. cxd5 exd5 6. Nf3 Be7 7. Bd3 O-O 8. O-O Re8 9. Ne5 Nbd7 10. f4 Nf8 11. Qf3 c5 12. g4 Ne4 13. Nxd5 Qxd5 14. Bxe4 Qd6 15. d5 Bd7 16. Nc4 Qc7 17. Bd2 Bb5 18. Ba5 Qb8 19. b3 Nd7 20. a4 Bxc4 21. bxc4 Bf6 22. Rab1 b6 23. Qh3 Rxe4 24. g5 Qd6 25. gxf6 bxa5 26. fxg7 Rae8 27. Rb7 Rxe3 28. Qxd7 Qg6+ 29. Kh1 Re2 30. Rg1 Qe4+ 31. Rg2 Qxg2# 0-1


[Site "https://www.chess.com"]

[Event "Titled Tuesday Blitz October 11 Early 2022"]
[White "Bluebaum, Matthias"]
[Black "Poltorak, Sebastian"]
[WhiteFideId "24651516"]
[BlackFideId "1199498"]
[WhiteElo "2633"]
[BlackElo "2232"]
[Result "1-0"]
[Round "01"]
[TimeControl "180+1"]
[Date "2022.10.11"]
[WhiteClock "0:01:48"]
[BlackClock "0:01:14"]

1. d4 Nf6 2. c4 g6 3. Nc3 d5 4. cxd5 Nxd5 5. e4 Nxc3 6. bxc3 Bg7 7. Nf3 c5 8. Bb5+ Nd7 9. O-O cxd4 10. cxd4 a6 11. Be2 O-O 12. Bf4 b5 13. Rc1 Bb7 14. d5 Rc8 15. Qd2 Nb6 16. Rxc8 Bxc8 17. Rc1 Na4 18. Bc7 Qe8 19. Ne5 Bb7 20. h4 Qa8 21. Nc6 Re8 22. h5 Qc8 23. Bf4 Qd7 24. Ne5 Qd8 25. hxg6 hxg6 26. Bg4 Nb6 27. Nxf7 Kxf7 28. Be6+ Kf8 29. Bc7 Nc4 30. Qf4+ Bf6 31. Bxd8 Rxd8 32. Qc7 1-0


[Site "https://www.chess.com"]

[Event "Titled Tuesday Blitz October 11 Early 2022"]
[White "Ciuffoletti, Paolo"]
[Black "Janaszak, Dawid"]
[WhiteFideId "807630"]
[BlackFideId "1119206"]
[WhiteElo "2143"]
[BlackElo "2226"]
[Result "0-1"]
[Round "01"]
[TimeControl "180+1"]
[Date "2022.10.12"]
[WhiteClock "0:00:11"]
[BlackClock "0:00:52"]

1. e4 c5 2. d4 cxd4 3. c3 e5 4. Nf3 Nc6 5. Bc4 Nf6 6. Ng5 d5 7. exd5 Na5 8. Bb5+ Bd7 9. Qa4 Bd6 10. Bxd7+ Nxd7 11. Ne6 fxe6 12. dxe6 Nc6 13. exd7+ Qxd7 14. O-O O-O 15. cxd4 exd4 16. Nd2 Rae8 17. Nc4 Bb8 18. Bd2 Qc7 19. g3 a6 20. Qb3 Kh8 21. Rae1 b5 22. Na3 Ne5 23. Bf4 Qc6 24. Bxe5 Bxe5 25. Qd3 Qd5 26. Nc2 Bf6 27. b3 Rc8 28. Nb4 Qd6 29. a3 Rc3 30. Qd2 Rxb3 31. Qa2 Rc3 32. Re6 Qd8 33. Rfe1 d3 34. Nd5 Rc2 35. Qb3 d2 36. Rd1 Rc1 37. Nxf6 Rxf6 38. Rxf6 Qxf6 39. Kg2 Qc6+ 40. f3 Rxd1 41. Qxd1 Qd7 42. Kf2 Qd3 43. g4 h6 44. h4 a5 45. h5 b4 46. Qe2 d1=Q 0-1


[Site "https://www.chess.com"]

[Event "Titled Tuesday Blitz October 11 Early 2022"]
[White "Cnejev, Vladimir-Alexandru"]
[Black "Stribuk, Artiom"]
[WhiteFideId "1260898"]
[BlackFideId "13515659"]
[WhiteElo "2193"]
[BlackElo "2279"]
[Result "0-1"]
[Round "01"]
[TimeControl "180+1"]
[Date "2022.10.11"]
[WhiteClock "0:00:22"]
[BlackClock "0:01:44"]

1. e4 c5 2. Nf3 Nc6 3. Bb5 e6 4. Bxc6 bxc6 5. O-O Ne7 6. e5 f6 7. exf6 gxf6 8. Nh4 d5 9. Qh5+ Kd7 10. Nc3 Qe8 11. Qe2 Rg8 12. d4 cxd4 13. Na4 Ng6 14. c3 Nxh4 15. g3 e5 16. cxd4 e4 17. Be3 Nf3+ 18. Kh1 Qh5 19. h4 Qg4 0-1


[Site "https://www.chess.com"]